Reign vs Phantoms
(R1)
Created - May 17, 2021 at 19:03
Goals
|
| Reign |
1 |
2 |
3 |
6 |
| Phantoms |
1 |
1 |
1 |
3 |
|
Shots
|
| Reign |
7 |
8 |
14 |
29 |
| Phantoms |
4 |
12 |
12 |
28 |
|
1st period
1. Reign , Daultan Leveillé 1 (Mikko Rantanen 3, Brendan Lemieux 1) at 5:30 (PP)
2. Phantoms , Brendan Leipsic 1 (Nick Shore 1, Sven Andrighetto 1) at 19:48
Penalties :
Travis Konecny (Leh) for Tripping (Minor) at 5:17, Kurtis Macdermid (Ont) for Hooking (Minor) at 17:21
2nd period
3. Reign , Daultan Leveillé 2 (Mikko Rantanen 4, Josh Manson 4) at 0:35
4. Phantoms , Michael Bournival 3 (Tyler Brenner 4) at 15:14
5. Reign , Jonathan Drouin 2 (Zach Werenski 2, Mikko Rantanen 5) at 19:13 (PP)
Penalties :
Brandon McMillan (Leh) for Hooking (Minor) at 5:26, Brandon McMillan (Leh) for Holding (Minor) at 8:09, Ivan Provorov (Leh) for Hooking (Minor) at 11:02, Jake Dotchin (Leh) for Cross-checking (Minor) at 15:41, Blake Heinrich (Leh) for Tripping (Minor) at 19:00
3rd period
6. Reign , Brendan Lemieux 1 (Zach Werenski 3, Mikko Rantanen 6) at 2:50
7. Reign , Mikko Rantanen 3 (Zach Werenski 4, Griffin Reinhart 4) at 4:54 (PP)
8. Reign , Mikko Rantanen 4 (Dmitri Orlov 1) at 5:08
9. Phantoms , Michael Bournival 4 (Tyler Brenner 5, Ivan Provorov 1) at 8:11
Penalties :
Calle Jarnkrok (Leh) for Tripping (Minor) at 4:48, Tyler Randell (Leh) for Fighting (Major) at 5:21, Ryan Hartman (Ont) for Fighting (Major) at 5:21, Michael Bournival (Leh) for Hooking (Minor) at 5:43, Ivan Provorov (Leh) for Tripping (Minor) at 12:53
Goalie Stats
Elvis Merzlikins (Ont), 25 saves from 28 shots - (0.893), W, 2-1-0, 60:00 minutes
Anton Forsberg (Leh), 12 saves from 16 shots - (0.750), L, 1-1-0, 42:50 minutes
Zachary Fucale (Leh), 11 saves from 13 shots - (0.846), 17:10 minutes
Players Stats for Reign
Player Name G A P +/- PIM S H SB GA TA FO MP PP MP PK MP
------------------------------------------------------------------------------------
Alex Iafallo 0 0 0 2 0 3 2 0 0 0 0/1 19:42 5:24 0:20
Brendan Lemieux 1 1 2 0 0 2 0 3 0 0 0/0 18:49 6:33 0:34
Daultan Leveillé 2 0 2 2 0 4 3 0 3 1 9/17 19:25 5:24 0:29
Derek Forbort 0 0 0 -2 0 0 0 0 0 2 0/0 8:10 0:00 0:42
Dmitri Orlov 0 1 1 1 0 0 4 0 0 0 0/0 16:00 4:38 0:42
Griffin Reinhart 0 1 1 0 0 1 1 1 2 1 0/0 22:08 7:14 0:00
Jonathan Drouin 1 0 1 -1 0 1 3 0 0 0 4/9 17:29 6:35 0:00
Jordan Greenway 0 0 0 -1 0 1 1 0 0 0 0/0 9:18 0:00 0:00
Josh Anderson 0 0 0 -1 0 1 0 0 0 0 0/0 9:33 0:15 0:00
Josh Manson 0 1 1 0 0 0 0 0 0 0 0/0 16:45 0:34 1:17
Kurtis Macdermid 0 0 0 -2 2 0 1 1 0 0 0/0 7:27 0:00 0:00
Lars Eller 0 0 0 -1 0 1 2 2 1 0 6/9 10:57 0:00 0:00
Mark Stone 0 0 0 -2 0 4 0 1 0 0 0/0 13:17 1:32 0:00
Matt Roy 0 0 0 1 0 0 0 3 0 0 0/0 8:29 0:00 0:00
Mike Amadio 0 0 0 -1 0 1 0 0 0 1 0/3 11:05 0:35 1:10
Mikko Rantanen 2 4 6 2 0 6 1 0 1 0 0/0 20:40 6:31 0:00
Nikita Zadorov 0 0 0 1 0 0 1 2 0 1 0/0 21:13 5:12 1:17
Ryan Hartman 0 0 0 1 5 0 2 0 0 0 0/0 15:31 4:29 0:29
Sergey Kalinin 0 0 0 0 0 3 2 0 0 0 4/11 12:08 0:00 0:56
Zach Werenski 0 3 3 1 0 1 1 0 2 0 0/0 19:53 7:14 0:00
Players Stats for Phantoms
Player Name G A P +/- PIM S H SB GA TA FO MP PP MP PK MP
------------------------------------------------------------------------------------
Blake Heinrich 0 0 0 2 2 2 4 1 0 0 0/0 20:01 0:56 5:23
Brandon McMillan 0 0 0 -2 4 1 1 0 0 0 0/0 15:21 0:55 0:45
Brendan Leipsic 1 0 1 2 0 1 0 0 0 0 2/3 14:42 0:00 2:20
Calle Jarnkrok 0 0 0 -2 2 2 2 0 1 0 5/6 13:57 0:55 0:00
Cristoval Nieves 0 0 0 0 0 0 1 0 0 0 0/1 7:15 0:00 1:05
David Kampf 0 0 0 0 0 2 0 0 0 0 0/0 3:54 0:07 0:01
Devon Teows 0 0 0 0 0 1 0 2 0 0 0/0 12:19 0:00 0:00
Dylan Olsen 0 0 0 -2 0 0 2 1 2 2 0/0 27:39 1:03 7:03
Ivan Provorov 0 1 1 2 4 0 0 0 0 1 0/0 18:28 0:56 3:37
Jake Dotchin 0 0 0 -2 2 2 2 2 0 2 0/0 26:46 1:03 6:18
Lucas Wallmarkk 0 0 0 1 0 0 0 0 0 0 0/0 1:00 0:00 0:00
Michael Bournival 2 0 2 0 2 4 1 3 1 0 0/2 20:49 1:04 5:47
Nick Shore 0 1 1 2 0 3 0 1 0 0 3/7 11:35 0:00 0:00
Rinat Valiev 0 0 0 0 0 1 2 1 0 0 0/0 15:13 0:00 2:38
Sven Andrighetto 0 1 1 2 0 4 0 0 1 0 1/1 14:49 0:00 2:39
Tomas Kubalik 0 0 0 -2 0 1 1 0 1 2 0/0 17:21 0:55 3:23
Travis Konecny 0 0 0 0 2 2 0 0 0 0 0/0 6:22 0:00 0:00
Tyler Brenner 0 2 2 0 0 1 2 0 0 2 10/21 17:34 1:04 3:23
Tyler Randell 0 0 0 -1 5 1 1 0 0 0 6/9 22:19 0:57 5:22
3 Stars
1 - Mikko Rantanen (Ont)
2 - Daultan Leveillé (Ont)
3 - Zach Werenski (Ont)
Power Play
Reign - 3 on 9 Attempt(s) - 33.33%
Phantoms - 0 on 1 Attempt(s) - 0.00%
Penalty Kill
Reign - 1 on 1 Attempt(s) - 100.00%
- Score 0 goal in Penalty Kill
Phantoms - 6 on 9 Attempt(s) - 66.67%
- Score 0 goal in Penalty Kill
Team Stat
Reign - Hits : 24 - Faceoff Wins : 23 - Blocked Shots : 13 - Penalty Minutes : 7
Phantoms - Hits : 19 - Faceoff Wins : 27 - Blocked Shots : 11 - Penalty Minutes : 23
Official
Referees : Unknown
Linesman : Unknown
Game Notes
Zachary Fucale enters game at 2:50 of 3rd period
Tyler Randell beats up Ryan Hartman at 5:21 of 3rd period
Finance
Level 1 -- Attendance: 2000 (100.00%) -- Ticket Income $68,000
Level 2 -- Attendance: 881 (88.10%) -- Ticket Income $16,739
Total Attendance: 2881 (96.03%)
Total Ticket Income: $84,739
Other Income: $4,237
Total Income: $88,976
Reign
5 vs 5 Forward
Center Left Wing Right Wing Time % Phy DF OF
1 Daultan Leveillé Alex Iafallo Mikko Rantanen 35 1 2 2
2 Lars Eller Jonathan Drouin Mark Stone 30 1 2 2
3 Sergey Kalinin Brendan Lemieux Ryan Hartman 30 1 2 2
4 Mike Amadio Jordan Greenway Josh Anderson 5 1 2 2
5 vs 5 Defense
Defense Defense Time % Phy DF OF
1 Griffin Reinhart Josh Manson 35 1 3 1
2 Nikita Zadorov Zach Werenski 35 1 3 1
3 Dmitri Orlov Matt Roy 20 1 3 1
4 Kurtis Macdermid Derek Forbort 10 1 3 1
PowerPlay Forward
Center Left Wing Right Wing Time % Phy DF OF
1 Jonathan Drouin Brendan Lemieux Mikko Rantanen 60 1 2 2
2 Daultan Leveillé Alex Iafallo Ryan Hartman 40 1 2 2
PowerPlay Defense
Defense Defense Time % Phy DF OF
1 Griffin Reinhart Zach Werenski 60 1 2 2
2 Dmitri Orlov Nikita Zadorov 40 1 2 2
Penalty Kill 4 Players Forward
Center Wing Time % Phy DF OF
1 Sergey Kalinin Mike Amadio 60 1 3 1
2 Daultan Leveillé Ryan Hartman 40 1 3 1
Penalty Kill 4 Players Defense
Defense Defense Time % Phy DF OF
1 Nikita Zadorov Josh Manson 60 1 4 0
2 Derek Forbort Dmitri Orlov 40 1 4 0
Penalty Kill - 3 Players Forward
Forward Time % Phy DF OF
1 Sergey Kalinin 60 2 3 0
2 Daultan Leveillé 40 2 3 0
Penalty Kill - 3 Players Defense
Defense Defense Time % Phy DF OF
1 Josh Manson Nikita Zadorov 60 1 4 0
2 Derek Forbort Dmitri Orlov 40 1 4 0
4 vs 4 Forward
Center Wing Time % Phy DF OF
1 Jonathan Drouin Ryan Hartman 60 1 2 2
2 Mikko Rantanen Mark Stone 40 1 2 2
4 vs 4 Defense
Defense Defense Time % Phy DF OF
1 Nikita Zadorov Zach Werenski 60 1 2 2
2 Josh Manson Griffin Reinhart 40 1 2 2
Last Minutes Offensive
Center Left Wing Right Wing Defense Defense
Daultan Leveillé Jonathan Drouin Mikko Rantanen Griffin Reinhart Zach Werenski
Last Minutes Defensive
Center Left Wing Right Wing Defense Defense
Daultan Leveillé Brendan Lemieux Ryan Hartman Nikita Zadorov Josh Manson
Goaltenders
Starting : Elvis Merzlikins
Backup : Jake Allen
Extra Forwards
Normal : Mikko Rantanen, Ryan Hartman, Mark Stone - PP : Mark Stone, Mike Amadio - PK : Brendan Lemieux
Extra Defensemen
Normal : Zach Werenski, Josh Manson, Nikita Zadorov - PP : Matt Roy - PK : Zach Werenski, Griffin Reinhart
Penalty Shots
Lars Eller, Mikko Rantanen, Mark Stone, Daultan Leveillé, Ryan Hartman
Scratches
Jacob Josefson (Healthy), Jordan Weal (Healthy), Blake Lizotte (Healthy), Bokondji Imama (Healthy), Joel Vermin (Healthy)
Cal Petersen (Healthy)
Phantoms
5 vs 5 Forward
Center Left Wing Right Wing Time % Phy DF OF
1 Tyler Brenner Michael Bournival Tyler Randell 40 1 2 2
2 Calle Jarnkrok Brandon McMillan Tomas Kubalik 30 1 2 2
3 Nick Shore Brendan Leipsic Sven Andrighetto 20 1 2 2
4 Cristoval Nieves Tyler Randell Travis Konecny 10 1 2 2
5 vs 5 Defense
Defense Defense Time % Phy DF OF
1 Dylan Olsen Jake Dotchin 40 1 2 2
2 Ivan Provorov Blake Heinrich 30 1 2 2
3 Devon Teows Rinat Valiev 20 1 2 2
4 Dylan Olsen Jake Dotchin 10 1 2 2
PowerPlay Forward
Center Left Wing Right Wing Time % Phy DF OF
1 Tyler Brenner Michael Bournival Tyler Randell 60 1 2 2
2 Calle Jarnkrok Brandon McMillan Tomas Kubalik 40 1 2 2
PowerPlay Defense
Defense Defense Time % Phy DF OF
1 Dylan Olsen Jake Dotchin 60 1 2 2
2 Ivan Provorov Blake Heinrich 40 1 2 2
Penalty Kill 4 Players Forward
Center Wing Time % Phy DF OF
1 Tyler Randell Michael Bournival 60 1 2 2
2 Tomas Kubalik Tyler Brenner 40 1 2 2
Penalty Kill 4 Players Defense
Defense Defense Time % Phy DF OF
1 Dylan Olsen Jake Dotchin 60 1 2 2
2 Ivan Provorov Blake Heinrich 40 1 2 2
Penalty Kill - 3 Players Forward
Forward Time % Phy DF OF
1 Tyler Randell 60 1 2 2
2 Michael Bournival 40 1 2 2
Penalty Kill - 3 Players Defense
Defense Defense Time % Phy DF OF
1 Dylan Olsen Jake Dotchin 60 1 2 2
2 Ivan Provorov Blake Heinrich 40 1 2 2
4 vs 4 Forward
Center Wing Time % Phy DF OF
1 Tyler Randell Michael Bournival 60 1 2 2
2 Tomas Kubalik Tyler Brenner 40 1 2 2
4 vs 4 Defense
Defense Defense Time % Phy DF OF
1 Dylan Olsen Jake Dotchin 60 1 2 2
2 Ivan Provorov Blake Heinrich 40 1 2 2
Last Minutes Offensive
Center Left Wing Right Wing Defense Defense
Tyler Brenner Michael Bournival Tyler Randell Dylan Olsen Jake Dotchin
Last Minutes Defensive
Center Left Wing Right Wing Defense Defense
Tyler Brenner Michael Bournival Tyler Randell Dylan Olsen Jake Dotchin
Goaltenders
Starting : Anton Forsberg
Backup : Zachary Fucale
Extra Forwards
Normal : David Kampf, Lucas Wallmarkk, Sven Andrighetto - PP : David Kampf, Lucas Wallmarkk - PK : Sven Andrighetto
Extra Defensemen
Normal : Devon Teows, Rinat Valiev, Ivan Provorov - PP : Devon Teows - PK : Rinat Valiev, Ivan Provorov
Penalty Shots
Tyler Randell, Michael Bournival, Tomas Kubalik, Tyler Brenner, Calle Jarnkrok
Scratches
A.J. Greer (Healthy), JC Lipon (Healthy), Brenden Kichton (Healthy), Cooper Marody (Healthy), Morgan Klimchuk (Healthy)
Nick Sorensen (Healthy), Laurent Dauphin (Healthy), Reid McNeill (Healthy), Mark Alt (Healthy), Erik Nystrom (Healthy)
Justin Kirkland (Healthy), Anthony Angello (Healthy), Jason Kasdorf (Healthy), Scott Wedgewood (Healthy)
% Time on Ice - Reign
Lines # - Real PCT - Wanted PCT - Time Play
Normal Forward
1 - 31% - 35% - 14:12
2 - 24% - 30% - 10:59
3 - 24% - 30% - 11:06
4 - 20% - 5% - 9:18
Normal Defense
1 - 33% - 35% - 14:54
2 - 33% - 35% - 14:50
3 - 19% - 20% - 8:29
4 - 16% - 10% - 7:22
PP Forward
1 - 57% - 60% - 7:02
2 - 43% - 40% - 5:24
PP Defense
1 - 58% - 60% - 7:14
2 - 42% - 40% - 5:12
PK Forward
1 - 76% - 60% - 1:30
2 - 24% - 40% - 0:29
PK Defense
1 - 65% - 60% - 1:17
2 - 35% - 40% - 0:42
PK3 Forward
1 - 0% - 60%
2 - 0% - 40%
PK3 Defense
1 - 0% - 60%
2 - 0% - 40%
44 Forward
1 - 0% - 60%
2 - 0% - 40%
44 Defense
1 - 0% - 60%
2 - 0% - 40%
Last Minute Offensive - 0:00
Last Minute Defensive - 0:00
Total
Forward - 60:00
Defense - 60:00
|
% Time on Ice - Phantoms
Lines # - Real PCT - Wanted PCT - Time Play
Normal Forward
1 - 32% - 40% - 14:34
2 - 29% - 30% - 13:16
3 - 25% - 20% - 11:35
4 - 14% - 10% - 6:10
Normal Defense
1 - 40% - 40% - 18:19
2 - 30% - 30% - 13:43
3 - 27% - 20% - 12:19
4 - 3% - 10% - 1:14
PP Forward
1 - 54% - 60% - 1:04
2 - 46% - 40% - 0:55
PP Defense
1 - 53% - 60% - 1:03
2 - 47% - 40% - 0:56
PK Forward
1 - 73% - 60% - 9:03
2 - 27% - 40% - 3:23
PK Defense
1 - 57% - 60% - 7:03
2 - 43% - 40% - 5:23
PK3 Forward
1 - 0% - 60%
2 - 0% - 40%
PK3 Defense
1 - 0% - 60%
2 - 0% - 40%
44 Forward
1 - 0% - 60%
2 - 0% - 40%
44 Defense
1 - 0% - 60%
2 - 0% - 40%
Last Minute Offensive - 0:00
Last Minute Defensive - 0:00
Total
Forward - 60:00
Defense - 60:00
|
Play-by-Play
1st period
0:01 of 1st period - Tyler Brenner wins face-off versus Daultan Leveillé in neutral zone.
0:33 of 1st period - Dylan Olsen is hit by Lars Eller and loses puck.
1:14 of 1st period - Snap shot by Travis Konecny.
1:14 of 1st period - Stopped by Elvis Merzlikins with a rebound.
2:01 of 1st period - Devon Teows is hit by Sergey Kalinin and loses puck.
2:32 of 1st period - Lars Eller is hit by Dylan Olsen.
2:36 of 1st period - Josh Manson is hit by Blake Heinrich and loses puck.
2:53 of 1st period - Wrist shot by Alex Iafallo.
2:53 of 1st period - Shot Misses the Net.
3:28 of 1st period - Dylan Olsen is hit by Jonathan Drouin and loses puck.
3:59 of 1st period - Snap shot by Daultan Leveillé.
3:59 of 1st period - Stopped by Anton Forsberg without a rebound.
4:00 of 1st period - Nick Shore wins face-off versus Sergey Kalinin in Phantoms zone.
5:11 of 1st period - Wrist shot by Josh Anderson.
5:11 of 1st period - Shot Blocked by Blake Heinrich.
5:17 of 1st period - Minor Penalty to Travis Konecny for Tripping.
5:18 of 1st period - Tyler Randell wins face-off versus Jonathan Drouin in Phantoms zone.
5:18 of 1st period - Tyler Randell is hit by Mikko Rantanen.
5:30 of 1st period - Wrist shot by Daultan Leveillé.
5:30 of 1st period - Goal by Daultan Leveillé - Reign : 1 - Phantoms : 0.
5:31 of 1st period - Daultan Leveillé wins face-off versus Tyler Brenner in neutral zone.
5:33 of 1st period - Off-side.
5:34 of 1st period - Daultan Leveillé wins face-off versus Tyler Brenner in neutral zone.
6:18 of 1st period - Sven Andrighetto is hit by Lars Eller and loses puck.
6:25 of 1st period - Slapshot by Dylan Olsen.
6:25 of 1st period - Shot Misses the Net.
6:29 of 1st period - Backhand shot by Sven Andrighetto.
6:29 of 1st period - Stopped by Elvis Merzlikins with a rebound.
6:39 of 1st period - Blake Heinrich is hit by Dmitri Orlov and loses puck.
6:44 of 1st period - Snap shot by Mikko Rantanen.
6:44 of 1st period - Stopped by Anton Forsberg with a rebound.
6:46 of 1st period - Snap shot by Alex Iafallo.
6:46 of 1st period - Shot Misses the Net.
6:48 of 1st period - Wrist shot by Mikko Rantanen.
6:48 of 1st period - Stopped by Anton Forsberg with a rebound.
6:50 of 1st period - Wrist shot by Alex Iafallo.
6:50 of 1st period - Stopped by Anton Forsberg with a rebound.
7:00 of 1st period - Jordan Greenway is hit by Brandon McMillan.
7:20 of 1st period - Snap shot by Sergey Kalinin.
7:20 of 1st period - Shot Misses the Net.
7:23 of 1st period - Icing by Blake Heinrich.
7:24 of 1st period - Sergey Kalinin wins face-off versus Nick Shore in Phantoms zone.
8:16 of 1st period - Snap shot by Tyler Randell.
8:16 of 1st period - Deflect By Tyler Brenner.
8:16 of 1st period - Shot Misses the Net.
8:16 of 1st period - Puck is out of play.
8:17 of 1st period - Daultan Leveillé wins face-off versus Tyler Brenner in Reign zone.
8:32 of 1st period - Snap shot by Michael Bournival.
8:32 of 1st period - Shot Misses the Net.
9:11 of 1st period - Slapshot by Michael Bournival.
9:11 of 1st period - Stopped by Elvis Merzlikins with a rebound.
9:34 of 1st period - Zach Werenski is hit by Jake Dotchin and loses puck.
9:43 of 1st period - Snap shot by Michael Bournival.
9:43 of 1st period - Shot Misses the Net.
10:29 of 1st period - Slapshot by Mikko Rantanen.
10:29 of 1st period - Stopped by Anton Forsberg with a rebound.
10:31 of 1st period - Slapshot by Zach Werenski.
10:31 of 1st period - Shot Misses the Net.
10:44 of 1st period - Off-side.
10:45 of 1st period - Calle Jarnkrok wins face-off versus Lars Eller in neutral zone.
10:50 of 1st period - Snap shot by Calle Jarnkrok.
10:50 of 1st period - Shot Blocked by Mark Stone.
10:52 of 1st period - Slapshot by Jake Dotchin.
10:52 of 1st period - Shot Misses the Net.
10:54 of 1st period - Wrist shot by Dylan Olsen.
10:54 of 1st period - Shot Misses the Net.
11:12 of 1st period - Josh Manson is hit by Dylan Olsen and loses puck.
11:44 of 1st period - Sven Andrighetto is hit by Jordan Greenway.
13:39 of 1st period - Rinat Valiev is hit by Kurtis Macdermid.
14:23 of 1st period - Ryan Hartman is hit by Cristoval Nieves and loses puck.
14:30 of 1st period - Devon Teows is hit by Sergey Kalinin and loses puck.
17:21 of 1st period - Minor Penalty to Kurtis Macdermid for Hooking.
17:22 of 1st period - Tyler Brenner wins face-off versus Sergey Kalinin in Reign zone.
17:37 of 1st period - Nikita Zadorov is hit by Tyler Brenner.
18:30 of 1st period - Calle Jarnkrok is hit by Daultan Leveillé and loses puck.
18:51 of 1st period - Michael Bournival is hit by Nikita Zadorov and loses puck.
19:21 of 1st period - Penalty to Kurtis Macdermid is over, Kurtis Macdermid is back on ice.
19:30 of 1st period - Wrist shot by Alex Iafallo.
19:30 of 1st period - Shot Misses the Net.
19:32 of 1st period - Slapshot by Jonathan Drouin.
19:32 of 1st period - Shot Hit the Post.
19:34 of 1st period - Backhand shot by Mark Stone.
19:34 of 1st period - Stopped by Anton Forsberg without a rebound.
19:35 of 1st period - Lars Eller wins face-off versus Nick Shore in Phantoms zone.
19:36 of 1st period - Snap shot by Jonathan Drouin.
19:36 of 1st period - Deflect By Lars Eller.
19:36 of 1st period - Shot Blocked by Devon Teows.
19:36 of 1st period - Puck is out of play.
19:37 of 1st period - Brendan Leipsic wins face-off versus Lars Eller in Phantoms zone.
19:48 of 1st period - Wrist shot by Brendan Leipsic.
19:48 of 1st period - Goal by Brendan Leipsic - Reign : 1 - Phantoms : 1.
19:49 of 1st period - Daultan Leveillé wins face-off versus Tyler Brenner in neutral zone.
Goals for this period are 1 for Reign vs 1 for Phantoms.
Shots for this period are 7 for Reign vs 4 for Phantoms.
2nd period
0:01 of 2nd period - Lars Eller wins face-off versus Tyler Brenner in neutral zone.
0:35 of 2nd period - Snap shot by Daultan Leveillé.
0:35 of 2nd period - Goal by Daultan Leveillé - Reign : 2 - Phantoms : 1.
0:36 of 2nd period - Sergey Kalinin wins face-off versus Michael Bournival in neutral zone.
0:38 of 2nd period - Off-side.
0:39 of 2nd period - Sergey Kalinin wins face-off versus Tyler Brenner in neutral zone.
0:54 of 2nd period - Snap shot by Michael Bournival.
0:54 of 2nd period - Shot Blocked by Brendan Lemieux.
1:12 of 2nd period - Wrist shot by Mikko Rantanen.
1:12 of 2nd period - Shot Blocked by Dylan Olsen.
1:14 of 2nd period - Slapshot by Griffin Reinhart.
1:14 of 2nd period - Stopped by Anton Forsberg without a rebound.
1:15 of 2nd period - Lars Eller wins face-off versus Tyler Brenner in Phantoms zone.
1:32 of 2nd period - Michael Bournival is hit by Jonathan Drouin and loses puck.
1:55 of 2nd period - Snap shot by Michael Bournival.
1:55 of 2nd period - Shot Misses the Net.
1:57 of 2nd period - Wrist shot by Tyler Brenner.
1:57 of 2nd period - Stopped by Elvis Merzlikins with a rebound.
1:59 of 2nd period - Wrist shot by Tyler Brenner.
1:59 of 2nd period - Shot Blocked by Lars Eller.
2:01 of 2nd period - Slapshot by Ivan Provorov.
2:01 of 2nd period - Deflect By Tyler Randell.
2:01 of 2nd period - Stopped by Elvis Merzlikins without a rebound.
2:02 of 2nd period - Calle Jarnkrok wins face-off versus Daultan Leveillé in Reign zone.
2:11 of 2nd period - Wrist shot by Calle Jarnkrok.
2:11 of 2nd period - Stopped by Elvis Merzlikins with a rebound.
2:39 of 2nd period - Wrist shot by Sergey Kalinin.
2:39 of 2nd period - Shot Misses the Net.
2:55 of 2nd period - Wrist shot by Travis Konecny.
2:55 of 2nd period - Stopped by Elvis Merzlikins with a rebound.
3:32 of 2nd period - Snap shot by Brendan Lemieux.
3:32 of 2nd period - Shot Misses the Net.
3:51 of 2nd period - Snap shot by Mikko Rantanen.
3:51 of 2nd period - Shot Misses the Net.
4:13 of 2nd period - Snap shot by Mark Stone.
4:13 of 2nd period - Stopped by Anton Forsberg with a rebound.
4:15 of 2nd period - Snap shot by Josh Anderson.
4:15 of 2nd period - Shot Misses the Net.
4:17 of 2nd period - Wrist shot by Mike Amadio.
4:17 of 2nd period - Shot Misses the Net.
4:19 of 2nd period - Slapshot by Derek Forbort.
4:19 of 2nd period - Shot Misses the Net.
5:20 of 2nd period - Daultan Leveillé is hit by Tomas Kubalik and loses puck.
5:26 of 2nd period - Minor Penalty to Brandon McMillan for Hooking.
5:27 of 2nd period - Jonathan Drouin wins face-off versus Tyler Randell in Phantoms zone.
5:33 of 2nd period - Snap shot by Mikko Rantanen.
5:33 of 2nd period - Stopped by Anton Forsberg with a rebound.
6:09 of 2nd period - Tyler Randell is hit by Daultan Leveillé and loses puck.
6:22 of 2nd period - Slapshot by Tomas Kubalik.
6:22 of 2nd period - Stopped by Elvis Merzlikins with a rebound.
7:25 of 2nd period - Nikita Zadorov is hit by Jake Dotchin and loses puck.
7:26 of 2nd period - Penalty to Brandon McMillan is over, Brandon McMillan is back on ice.
7:36 of 2nd period - Wrist shot by Sven Andrighetto.
7:36 of 2nd period - Shot Blocked by Nikita Zadorov.
7:38 of 2nd period - Snap shot by Brandon McMillan.
7:38 of 2nd period - Stopped by Elvis Merzlikins with a rebound.
7:40 of 2nd period - Snap shot by Rinat Valiev.
7:40 of 2nd period - Shot Blocked by Brendan Lemieux.
7:42 of 2nd period - Wrist shot by Brendan Leipsic.
7:42 of 2nd period - Shot Blocked by Brendan Lemieux.
7:44 of 2nd period - Snap shot by Sven Andrighetto.
7:44 of 2nd period - Stopped by Elvis Merzlikins with a rebound.
7:46 of 2nd period - Snap shot by Sven Andrighetto.
7:46 of 2nd period - Deflect By Mikko Rantanen.
7:46 of 2nd period - Stopped by Elvis Merzlikins with a rebound.
7:54 of 2nd period - Wrist shot by Brendan Leipsic.
7:54 of 2nd period - Deflect By Brandon McMillan.
7:54 of 2nd period - Shot Blocked by Nikita Zadorov.
7:54 of 2nd period - Puck is out of play.
7:55 of 2nd period - Calle Jarnkrok wins face-off versus Mike Amadio in Reign zone.
7:58 of 2nd period - Wrist shot by Tomas Kubalik.
7:58 of 2nd period - Shot Misses the Net.
8:09 of 2nd period - Minor Penalty to Brandon McMillan for Holding.
8:10 of 2nd period - Daultan Leveillé wins face-off versus Michael Bournival in Phantoms zone.
8:14 of 2nd period - Wrist shot by Alex Iafallo.
8:14 of 2nd period - Shot Misses the Net.
8:16 of 2nd period - Slapshot by Griffin Reinhart.
8:16 of 2nd period - Shot Blocked by Michael Bournival.
9:35 of 2nd period - Snap shot by Blake Heinrich.
9:35 of 2nd period - Stopped by Elvis Merzlikins with a rebound.
9:37 of 2nd period - Slapshot by Blake Heinrich.
9:37 of 2nd period - Stopped by Elvis Merzlikins with a rebound.
9:39 of 2nd period - Snap shot by Sven Andrighetto.
9:39 of 2nd period - Shot Misses the Net.
10:09 of 2nd period - Penalty to Brandon McMillan is over, Brandon McMillan is back on ice.
10:15 of 2nd period - Brandon McMillan is hit by Dmitri Orlov and loses puck.
10:30 of 2nd period - Wrist shot by Nick Shore.
10:30 of 2nd period - Deflect By Sven Andrighetto.
10:30 of 2nd period - Shot Blocked by Lars Eller.
10:30 of 2nd period - Puck is out of play.
10:31 of 2nd period - Brendan Leipsic wins face-off versus Lars Eller in Reign zone.
10:52 of 2nd period - Snap shot by Josh Anderson.
10:52 of 2nd period - Stopped by Anton Forsberg with a rebound.
10:56 of 2nd period - Snap shot by Jordan Greenway.
10:56 of 2nd period - Shot Misses the Net.
10:58 of 2nd period - Snap shot by Jordan Greenway.
10:58 of 2nd period - Stopped by Anton Forsberg without a rebound.
10:59 of 2nd period - Calle Jarnkrok wins face-off versus Sergey Kalinin in Phantoms zone.
10:59 of 2nd period - Calle Jarnkrok is hit by Griffin Reinhart.
11:02 of 2nd period - Minor Penalty to Ivan Provorov for Hooking.
11:03 of 2nd period - Tyler Randell wins face-off versus Jonathan Drouin in Phantoms zone.
11:03 of 2nd period - Tyler Randell is hit by Jonathan Drouin.
11:31 of 2nd period - Icing by Griffin Reinhart.
11:32 of 2nd period - Tyler Randell wins face-off versus Daultan Leveillé in Reign zone.
11:33 of 2nd period - Wrist shot by Michael Bournival.
11:33 of 2nd period - Shot Misses the Net.
11:39 of 2nd period - Daultan Leveillé is hit by Rinat Valiev and loses puck.
11:56 of 2nd period - Zach Werenski is hit by Tyler Brenner and loses puck.
13:02 of 2nd period - Penalty to Ivan Provorov is over, Ivan Provorov is back on ice.
14:00 of 2nd period - Snap shot by Daultan Leveillé.
14:00 of 2nd period - Shot Misses the Net.
14:34 of 2nd period - Derek Forbort is hit by Calle Jarnkrok and loses puck.
15:12 of 2nd period - Icing by Josh Manson.
15:13 of 2nd period - Tyler Brenner wins face-off versus Mike Amadio in Reign zone.
15:14 of 2nd period - Snap shot by Michael Bournival.
15:14 of 2nd period - Goal by Michael Bournival - Reign : 2 - Phantoms : 2.
15:15 of 2nd period - Tyler Brenner wins face-off versus Sergey Kalinin in neutral zone.
15:41 of 2nd period - Minor Penalty to Jake Dotchin for Cross-checking.
15:42 of 2nd period - Tyler Randell wins face-off versus Jonathan Drouin in Phantoms zone.
16:07 of 2nd period - Tyler Randell is hit by Alex Iafallo and loses puck.
16:16 of 2nd period - Wrist shot by Daultan Leveillé.
16:16 of 2nd period - Shot Blocked by Rinat Valiev.
17:36 of 2nd period - Rinat Valiev is hit by Zach Werenski and loses puck.
17:41 of 2nd period - Penalty to Jake Dotchin is over, Jake Dotchin is back on ice.
17:47 of 2nd period - Josh Anderson is hit by Rinat Valiev and loses puck.
17:56 of 2nd period - Wrist shot by Nick Shore.
17:56 of 2nd period - Stopped by Elvis Merzlikins without a rebound.
17:57 of 2nd period - Lars Eller wins face-off versus Nick Shore in Reign zone.
18:10 of 2nd period - Jonathan Drouin is hit by Blake Heinrich and loses puck.
18:53 of 2nd period - Snap shot by Sergey Kalinin.
18:53 of 2nd period - Shot Blocked by Michael Bournival.
18:55 of 2nd period - Wrist shot by Sergey Kalinin.
18:55 of 2nd period - Stopped by Anton Forsberg without a rebound.
18:56 of 2nd period - Daultan Leveillé wins face-off versus Calle Jarnkrok in Phantoms zone.
19:00 of 2nd period - Minor Penalty to Blake Heinrich for Tripping.
19:01 of 2nd period - Jonathan Drouin wins face-off versus Tyler Randell in Phantoms zone.
19:11 of 2nd period - Snap shot by Zach Werenski.
19:11 of 2nd period - Shot Blocked by Jake Dotchin.
19:13 of 2nd period - Slapshot by Jonathan Drouin.
19:13 of 2nd period - Goal by Jonathan Drouin - Reign : 3 - Phantoms : 2.
19:14 of 2nd period - Tyler Brenner wins face-off versus Sergey Kalinin in neutral zone.
19:17 of 2nd period - Josh Manson is hit by Tyler Randell and loses puck.
19:40 of 2nd period - Jake Dotchin is hit by Daultan Leveillé and loses puck.
Goals for this period are 2 for Reign vs 1 for Phantoms.
Shots for this period are 8 for Reign vs 12 for Phantoms.
3rd period
0:01 of 3rd period - Tyler Brenner wins face-off versus Daultan Leveillé in neutral zone.
0:12 of 3rd period - Dylan Olsen is hit by Alex Iafallo and loses puck.
0:56 of 3rd period - Slapshot by Nick Shore.
0:56 of 3rd period - Shot Misses the Net.
1:10 of 3rd period - Wrist shot by Cristoval Nieves.
1:10 of 3rd period - Shot Blocked by Matt Roy.
1:26 of 3rd period - Brandon McMillan is hit by Dmitri Orlov and loses puck.
1:50 of 3rd period - Slapshot by Zach Werenski.
1:50 of 3rd period - Shot Blocked by Devon Teows.
2:50 of 3rd period - Snap shot by Brendan Lemieux.
2:50 of 3rd period - Goal by Brendan Lemieux - Reign : 4 - Phantoms : 2.
2:50 of 3rd period - Zachary Fucale enters game.
2:51 of 3rd period - Daultan Leveillé wins face-off versus Tyler Brenner in neutral zone.
2:55 of 3rd period - Off-side.
2:56 of 3rd period - Daultan Leveillé wins face-off versus Tyler Brenner in neutral zone.
3:25 of 3rd period - Wrist shot by Calle Jarnkrok.
3:25 of 3rd period - Stopped by Elvis Merzlikins with a rebound.
3:31 of 3rd period - Wrist shot by Tomas Kubalik.
3:31 of 3rd period - Shot Misses the Net.
3:43 of 3rd period - Slapshot by Nick Shore.
3:43 of 3rd period - Stopped by Elvis Merzlikins without a rebound.
3:44 of 3rd period - Lars Eller wins face-off versus Nick Shore in Reign zone.
3:44 of 3rd period - Lars Eller is hit by Blake Heinrich.
3:54 of 3rd period - Wrist shot by Jonathan Drouin.
3:54 of 3rd period - Shot Misses the Net.
3:56 of 3rd period - Backhand shot by Mark Stone.
3:56 of 3rd period - Stopped by Zachary Fucale with a rebound.
3:58 of 3rd period - Snap shot by Zach Werenski.
3:58 of 3rd period - Deflect By Ivan Provorov.
3:58 of 3rd period - Stopped by Zachary Fucale with a rebound.
4:00 of 3rd period - Snap shot by Mark Stone.
4:00 of 3rd period - Shot Misses the Net.
4:48 of 3rd period - Minor Penalty to Calle Jarnkrok for Tripping.
4:49 of 3rd period - Tyler Randell wins face-off versus Jonathan Drouin in Phantoms zone.
4:54 of 3rd period - Wrist shot by Mikko Rantanen.
4:54 of 3rd period - Goal by Mikko Rantanen - Reign : 5 - Phantoms : 2.
4:55 of 3rd period - Tyler Brenner wins face-off versus Daultan Leveillé in neutral zone.
5:08 of 3rd period - Snap shot by Mikko Rantanen.
5:08 of 3rd period - Goal by Mikko Rantanen - Reign : 6 - Phantoms : 2.
5:09 of 3rd period - Sergey Kalinin wins face-off versus Tyler Brenner in neutral zone.
5:18 of 3rd period - Snap shot by Sergey Kalinin.
5:18 of 3rd period - Stopped by Zachary Fucale without a rebound.
5:19 of 3rd period - Tyler Brenner wins face-off versus Sergey Kalinin in Phantoms zone.
5:21 of 3rd period - Tyler Randell beats up Ryan Hartman.
5:21 of 3rd period - Penalty to Tyler Randell for Fighting.
5:21 of 3rd period - Penalty to Ryan Hartman for Fighting.
5:22 of 3rd period - Tyler Brenner wins face-off versus Alex Iafallo in Phantoms zone.
5:31 of 3rd period - Wrist shot by Alex Iafallo.
5:31 of 3rd period - Deflect By Daultan Leveillé.
5:31 of 3rd period - Stopped by Zachary Fucale with a rebound.
5:33 of 3rd period - Snap shot by Griffin Reinhart.
5:33 of 3rd period - Shot Blocked by Michael Bournival.
5:43 of 3rd period - Minor Penalty to Michael Bournival for Hooking.
5:44 of 3rd period - Sven Andrighetto wins face-off versus Jonathan Drouin in Phantoms zone.
6:14 of 3rd period - Wrist shot by Alex Iafallo.
6:14 of 3rd period - Stopped by Zachary Fucale with a rebound.
6:18 of 3rd period - Snap shot by Alex Iafallo.
6:18 of 3rd period - Stopped by Zachary Fucale without a rebound.
6:19 of 3rd period - Jonathan Drouin wins face-off versus Cristoval Nieves in Phantoms zone.
6:44 of 3rd period - Alex Iafallo is hit by Blake Heinrich.
7:43 of 3rd period - Penalty to Michael Bournival is over, Michael Bournival is back on ice.
7:57 of 3rd period - Wrist shot by Brendan Leipsic.
7:57 of 3rd period - Shot Misses the Net.
8:09 of 3rd period - Snap shot by Michael Bournival.
8:09 of 3rd period - Stopped by Elvis Merzlikins with a rebound.
8:11 of 3rd period - Snap shot by Michael Bournival.
8:11 of 3rd period - Deflect By Mark Stone.
8:11 of 3rd period - Goal by Michael Bournival - Reign : 6 - Phantoms : 3.
8:12 of 3rd period - Lars Eller wins face-off versus Tyler Brenner in neutral zone.
8:37 of 3rd period - Daultan Leveillé is hit by Calle Jarnkrok and loses puck.
9:00 of 3rd period - Wrist shot by Sven Andrighetto.
9:00 of 3rd period - Shot Misses the Net.
9:21 of 3rd period - Wrist shot by Travis Konecny.
9:21 of 3rd period - Deflect By David Kampf.
9:21 of 3rd period - Stopped by Elvis Merzlikins with a rebound.
11:02 of 3rd period - Wrist shot by Sven Andrighetto.
11:02 of 3rd period - Stopped by Elvis Merzlikins with a rebound.
11:10 of 3rd period - Slapshot by Sergey Kalinin.
11:10 of 3rd period - Stopped by Zachary Fucale with a rebound.
11:22 of 3rd period - Wrist shot by Lars Eller.
11:22 of 3rd period - Stopped by Zachary Fucale with a rebound.
12:24 of 3rd period - Snap shot by Travis Konecny.
12:24 of 3rd period - Shot Blocked by Matt Roy.
12:26 of 3rd period - Snap shot by David Kampf.
12:26 of 3rd period - Stopped by Elvis Merzlikins with a rebound.
12:28 of 3rd period - Wrist shot by Devon Teows.
12:28 of 3rd period - Shot Blocked by Matt Roy.
12:30 of 3rd period - Wrist shot by Travis Konecny.
12:30 of 3rd period - Shot Misses the Net.
12:53 of 3rd period - Minor Penalty to Ivan Provorov for Tripping.
12:54 of 3rd period - Jonathan Drouin wins face-off versus Tyler Randell in Phantoms zone.
13:37 of 3rd period - Jake Dotchin is hit by Ryan Hartman and loses puck.
14:30 of 3rd period - Icing by Griffin Reinhart.
14:31 of 3rd period - Tyler Randell wins face-off versus Daultan Leveillé in Reign zone.
14:53 of 3rd period - Penalty to Ivan Provorov is over, Ivan Provorov is back on ice.
15:02 of 3rd period - Backhand shot by Mike Amadio.
15:02 of 3rd period - Shot Blocked by Jake Dotchin.
15:06 of 3rd period - Wrist shot by Mike Amadio.
15:06 of 3rd period - Stopped by Zachary Fucale without a rebound.
15:07 of 3rd period - Calle Jarnkrok wins face-off versus Mike Amadio in Phantoms zone.
15:07 of 3rd period - Calle Jarnkrok is hit by Dmitri Orlov.
15:37 of 3rd period - Slapshot by Devon Teows.
15:37 of 3rd period - Stopped by Elvis Merzlikins without a rebound.
15:38 of 3rd period - Nick Shore wins face-off versus Daultan Leveillé in Reign zone.
16:01 of 3rd period - Lars Eller is hit by Michael Bournival and loses puck.
17:38 of 3rd period - Slapshot by Nick Shore.
17:38 of 3rd period - Stopped by Elvis Merzlikins with a rebound.
17:40 of 3rd period - Slapshot by Blake Heinrich.
17:40 of 3rd period - Shot Misses the Net.
17:42 of 3rd period - Snap shot by Blake Heinrich.
17:42 of 3rd period - Shot Misses the Net.
17:44 of 3rd period - Snap shot by Brendan Leipsic.
17:44 of 3rd period - Deflect By Nick Shore.
17:44 of 3rd period - Shot Blocked by Griffin Reinhart.
17:44 of 3rd period - Puck is out of play.
17:45 of 3rd period - Daultan Leveillé wins face-off versus Brendan Leipsic in Reign zone.
18:12 of 3rd period - Dylan Olsen is hit by Ryan Hartman and loses puck.
18:35 of 3rd period - Wrist shot by Lars Eller.
18:35 of 3rd period - Deflect By Mark Stone.
18:35 of 3rd period - Stopped by Zachary Fucale with a rebound.
19:09 of 3rd period - Snap shot by Nick Shore.
19:09 of 3rd period - Shot Blocked by Kurtis Macdermid.
19:11 of 3rd period - Wrist shot by Rinat Valiev.
19:11 of 3rd period - Stopped by Elvis Merzlikins without a rebound.
19:12 of 3rd period - Nick Shore wins face-off versus Daultan Leveillé in Reign zone.
19:31 of 3rd period - Wrist shot by Sven Andrighetto.
19:31 of 3rd period - Shot Misses the Net.
19:33 of 3rd period - Slapshot by Jake Dotchin.
19:33 of 3rd period - Stopped by Elvis Merzlikins with a rebound.
19:35 of 3rd period - Wrist shot by Jake Dotchin.
19:35 of 3rd period - Stopped by Elvis Merzlikins with a rebound.
19:43 of 3rd period - Snap shot by Mikko Rantanen.
19:43 of 3rd period - Shot Misses the Net.
19:45 of 3rd period - Backhand shot by Griffin Reinhart.
19:45 of 3rd period - Shot Misses the Net.
19:47 of 3rd period - Slapshot by Alex Iafallo.
19:47 of 3rd period - Deflect By Mikko Rantanen.
19:47 of 3rd period - Shot Blocked by Nick Shore.
19:47 of 3rd period - Puck is out of play.
19:48 of 3rd period - Tyler Brenner wins face-off versus Sergey Kalinin in Phantoms zone.
19:57 of 3rd period - Snap shot by Brendan Lemieux.
19:57 of 3rd period - Stopped by Zachary Fucale with a rebound.
Goals for this period are 3 for Reign vs 1 for Phantoms.
Shots for this period are 14 for Reign vs 12 for Phantoms.
Output by the SimonT Hockey Simulator (STHS) for Francois Prevost